 Dungeon Crawl Stone Soup version 0.31-a0-455-g1a7b003ef0 (webtiles) character file.

Game seed: 9866987379053151585

406 Dirtsage the Changeling (level 6, -8/38 HPs)
             Began as an Octopode Shapeshifter on Aug 3, 2023.
             Mangled by a gnoll
             ... wielding a +0 flail
              (15 damage)
             ... on level 4 of the Dungeon.
             The game lasted 00:05:17 (2864 turns).

Dirtsage the Changeling (Octopode Shapeshifter)     Turns: 2864, Time: 00:05:18

Health: -8/38      AC:  1    Str: 16    XL:     6   Next: 87%
Magic:  6/6        EV: 13    Int: 10    God:
Gold:   125        SH:  0    Dex: 13    Spells: 5/5 levels left

rFire   . .          .
                       - Unarmed
rCold   . . .        (no shield)
rNeg    . . .        (helmet currently unavailable)
rPois   .            (no amulet)
rElec   .            (no ring)
rCorr   .            (no ring)
SInv    .            (no ring)
Will    .....        (no ring)
Stlth   ++           (no ring)
HPRegen 0.26/turn    (no ring)
MPRegen 0.10/turn    (no ring)
                     (no ring)

%: no passive effects
@: beast-form
A: beast (slay +4), almost no armour, amphibious, 8 rings, camouflage 1,
gelatinous body 1, (nimble swimmer 1), tentacles
a: Begin Untransformation


You were on level 4 of the Dungeon.
You were a hulking beast.
You visited 1 branch of the dungeon, and saw 4 of its levels.
You also visited: Sewer.

You collected 125 gold pieces.

Inventory:

Talismans
 b - a beast talisman (active)
Scrolls
 d - a scroll of enchant weapon {unknown}
 f - a scroll of poison {unknown}
 g - 3 scrolls of identify {unknown}
 i - a scroll of fog {unknown}
 l - a scroll of amnesia {unknown}
 m - a scroll of revelation {unknown}
 o - 2 scrolls of torment {unknown}
 q - a scroll of immolation {unknown}
 s - a scroll of blinking {unknown}
 t - a scroll of teleportation {unknown}
Potions
 a - 2 potions of lignification
 c - a potion of brilliance {unknown}
 e - 4 potions of mutation {unknown}
 h - a potion of resistance {unknown}
 j - a potion of heal wounds {unknown}
 k - 2 potions of curing {unknown}
 n - a potion of invisibility {unknown}
 p - a potion of might {unknown}
 r - a potion of haste {unknown}


   Skills:
 - Level 1.0 Fighting
 - Level 2.0 Dodging
 - Level 3.0 Unarmed Combat
 + Level 6.5 Shapeshifting


You had 5 spell levels left.
You didn't know any spells.
Your spell library contained the following spells:

 Spells                   Type           Power      Damage    Failure   Level
 Magic Dart               Conj           0%         1d3       36%         1
 Searing Ray              Conj           0%         2d4       50%         2
 Inner Flame              Hex/Fire       0%         N/A       75%         3
 Vhi's Electric Charge    Tloc/Air       0%         N/A       75%         3
 Flame Wave               Conj/Fire      0%         2d4       98%         4
 Fulminant Prism          Conj/Hex       0%         3d5       98%         4
 Sticky Flame             Conj/Fire      0%         2d3       98%         4
 Arcjolt                  Conj/Air       0%         1d10      100%        5
 Plasma Beam              Fire/Air       0%         2x1d10    100%        6


Dungeon Overview and Level Annotations

Branches:
Dungeon (4/15)              Sewer (visited)
 Temple: D:4-7

Altars:
Makhleb


Innate Abilities, Weirdness & Mutations

You are a hulking beast.
Your limbs bulge with bestial killing power. (Slay +4)
You cannot wear most types of armour.
You are amphibious.
You can wear up to eight rings at the same time.
Your skin changes colour to match your surroundings (Stealth+).
Your rubbery body absorbs attacks. (AC +1, EV +1)
((You are camouflaged when in or above water. (Stealth+)))
You have tentacles for arms and can constrict up to eight enemies at once.


Message History

Natasha casts a spell at you. The magic dart hits you!
You take 7 damage, and have 31/38 hp.
You bludgeon Natasha!
You kill Natasha!
You feel Natasha's spirit has finally been put to rest.
The gnoll barely misses you.
You tentacle-slap the gnoll. You grab the gnoll.
The gnoll is lightly wounded.
You constrict the gnoll. You bludgeon the gnoll! You squeeze the gnoll.
You kill the gnoll!
The gnoll hits you from afar with a +0 spear.
You take 6 damage, and have 28/38 hp.
The gnoll hits you with a +0 spear.
You see here a +0 club.
You take 6 damage, and have 22/38 hp.
The gnoll shouts!
You tentacle-slap the gnoll. You grab the gnoll. You squeeze the gnoll!
You kill the gnoll!
Things that are here:
a +0 spear; a gnoll corpse; the felid corpse of Natasha The gnoll hits you from afar with a +0 halberd!
You see here a +0 club.
You take 9 damage, and have 14/38 hp.
MASSIVE DAMAGE!!
There is a stone staircase leading up here.
You climb upwards.
There is a stone staircase leading down here.
You start resting.
HP restored.
Health restored: 38 You climb downwards.
The gnoll completely misses you. The gnoll hits you with a +0 flail!
The gnoll hits you from afar with a +0 halberd!
There is a stone staircase leading up, spattered with blood here.
You take 21 damage, and have 17/38 hp.
MASSIVE DAMAGE!!
The gnoll hits you from afar with a +0 halberd!
* * * LOW HITPOINT WARNING * * *
The gnoll hits you with a +0 flail!
You die...

. .. #.## #..
####.#########
#####...........h#
#...#...........g#
#...#.........g.##
##..#..........#..#
....))....#....#.....
.....##..#####.##.....
......##.#.....##.....
.......#....^...#.....
..................##..


You could see 2 gnolls.

Vanquished Creatures
  A centaur (D:3)
  3 iron imps (D:3)
  Natasha (thrice) (D:4)
  8 adders
  2 gnolls (D:4)
  A river rat (D:3)
  A worm (D:3)
  2 dart slugs
  An orc (D:2)
  2 endoplasms (D:2)
  5 giant cockroaches (D:2)
  6 hobgoblins
  4 jackals (D:2)
  3 kobolds
  3 quokkas
  7 ball pythons
  A bat (D:3)
  11 frilled lizards
  6 goblins
  4 rats
74 creatures vanquished.

Notes
Turn   | Place    | Note
-------+----------+-------------------------------------------
     0 | D:1      | Dirtsage the Octopode Shapeshifter began the quest for the
                  | Orb.
     0 | D:1      | Reached XP level 1. HP: 13/13 MP: 1/1
   159 | D:1      | Reached XP level 2. HP: 9/18 MP: 2/2
   291 | D:1      | Found a faded altar of an unknown god.
   954 | D:2      | Reached XP level 3. HP: 23/23 MP: 3/3
  1042 | D:2      | Reached skill level 4 in Shapeshifting
  1413 | D:3      | Noticed a centaur
  1422 | D:3      | Killed a centaur
  1423 | D:3      | Reached skill level 5 in Shapeshifting
  1423 | D:3      | Reached XP level 4. HP: 22/28 MP: 4/4
  1423 | D:3      | Reached XP level 5. HP: 26/33 MP: 5/5
  1446 | D:3      | Found a glowing drain.
  1450 | Sewer    | Entered a sewer
  2473 | D:3      | Found a burning altar of Makhleb.
  2487 | D:3      | Reached XP level 6. HP: 33/38 MP: 6/6
  2497 | D:3      | Reached skill level 6 in Shapeshifting
  2638 | D:4      | Noticed Natasha
  2644 | D:4      | Killed Natasha
  2682 | D:4      | Noticed Natasha
  2685 | D:4      | Killed Natasha
  2746 | D:4      | Noticed Natasha
  2754 | D:4      | Killed Natasha
  2864 | D:4      | Mangled by a gnoll

Illustrated notes

Levels and vault maps discovered:
D:1:      sevenhm_arrival_forest_fort_large_2, layout_basic,
          dreamdust_ecumenical_altar_grove, hex_intersection
D:2:      layout_basic, hangedman_decor_growths, minmay_pentomino_w2
D:3:      layout_basic, demons_altar, gup_sewer_entry_bowl
D:4:      layout_cave_pools, hellmonk_okawaru_the_only_friend_you_need,
          minmay_misc_feat_ornament, uniq_blork_the_orc, uniq_natasha

Skill      XL: |  1  2  3  4  5  6 |
---------------+-------------------+-----
Shapeshifting  | 5 6 |  6.5
Fighting       | |  1.0
Dodging        | |  2.0
Unarmed Combat | |  3.0

Action                     |  1- 3 |  4- 6 || total
---------------------------+-------+-------++-------
  Melee: Unarmed           |    61 |    88 ||   149
         Constrict         |    15 |    29 ||    44
         Tentacles         |    16 |    13 ||    29
         Punch             |     4 |     3 ||     7
   Stab: Sleeping          |     4 |     7 ||    11
 Armour: Skin              |     6 |     9 ||    15
  Dodge: Dodged            |    36 |    60 ||    96

Table legend: (Time is in decaauts)
 A = Elapsed time spent in this place.
 B = Non-inter-level travel time spent in this place.
 C = Inter-level travel time spent in this place.
 D = Time resting spent in this place.
 E = Time spent auto-exploring this place.
 F = Levels seen in this place.
 G = Mean time per level.
                   A        B        C        D        E       F      G
               +--------+--------+--------+--------+--------+-----+--------+
         Total |   2854 |   2704 |    150 |     77 |   2096 |   5 |  570.8 |
       Dungeon |   2443 |   2293 |    150 |     77 |   1806 |   4 |  610.8 |
         Sewer |    411 |    411 |      0 |      0 |    290 |   1 |  411.0 |
               +--------+--------+--------+--------+--------+-----+--------+

Top non-repeatable levels by time:
     D:3: 862 daAuts
     D:1: 840 daAuts
     D:2: 575 daAuts
   Sewer: 411 daAuts
     D:4: 165 daAuts
